[ AOE2 MATCH · #505852505 ]
UnrankedHuns vs Persians
Player's team · LOSS
Rival team · WIN
[ REPLAY ANALYSIS · EXTRACTED FROM THE RECORDED GAME ]
Feudal
—
Castle
—
Imperial
—
| APM avg | 85.2 |
| APM peak | 122 |
| eAPM avg | 21.9 |
| Villagers / military | 17 / 0 |
Focus
⚔️ 42.6% · 🌾 57.4%
Fishing Ship ×4
Feudal
—
Castle
—
Imperial
—
| APM avg | 52.3 |
| APM peak | 89 |
| eAPM avg | 13.2 |
| Villagers / military | 22 / 0 |
Focus
⚔️ 23.6% · 🌾 76.4%
Match map
Initial resources + every placement click. Lines = walls · curves = elevation contours. ◆ gold · ⬟ stone · ● berries · ✦ relic · ◌ wall gap
Your base
Öl1ng's base
Smoothed initial terrain · ◌ = detected wall gap · hover for details
Inputs per minute
— unfold - - Öl1ng
Build order — unfold
25 actions detected in the replay
| 0:00 | Queue | Villager (Male) |
| 0:00 | Queue | Villager (Male) |
| 0:09 | Queue | Villager (Male) |
| 0:09 | Queue | Villager (Male) |
| 1:11 | Queue | Villager (Male) |
| 1:47 | Queue | Villager (Male) |
| 1:59 | Build | Lumber Camp |
| 2:18 | Queue | Villager (Male) |
| 2:28 | Queue | Villager (Male) |
| 3:08 | Queue | Villager (Male) |
| 3:34 | Queue | Villager (Male) |
| 3:55 | Queue | Villager (Male) |
| 4:21 | Build | Dock |
| 4:22 | Queue | Villager (Male) |
| 4:50 | Queue | Villager (Male) |
| 5:02 | Queue | Fishing Ship |
| 5:04 | Queue | Villager (Male) |
| 5:10 | Queue | Villager (Male) |
| 5:32 | Queue | Villager (Male) |
| 5:43 | Queue | Fishing Ship |
| 5:43 | Queue | Fishing Ship |
| 6:17 | Queue | Villager (Male) |
| 6:24 | Queue | Fishing Ship |
| 6:42 | Research | Loom |
| 7:11 | Research | Feudal Age |
Build order — Öl1ng
30 actions detected in the replay
| 0:01 | Queue | Villager (Male) |
| 0:01 | Queue | Villager (Male) |
| 0:02 | Queue | Villager (Male) |
| 0:02 | Queue | Villager (Male) |
| 0:02 | Queue | Villager (Male) |
| 0:03 | Build | House |
| 0:04 | Build | House |
| 1:33 | Queue | Villager (Male) |
| 1:33 | Queue | Villager (Male) |
| 1:44 | Build | Lumber Camp |
| 2:13 | Queue | Villager (Male) |
| 2:14 | Queue | Villager (Male) |
| 2:25 | Queue | Villager (Male) |
| 3:07 | Queue | Villager (Male) |
| 3:07 | Queue | Villager (Male) |
| 3:19 | Queue | Villager (Male) |
| 3:39 | Build | House |
| 3:58 | Queue | Villager (Male) |
| 4:32 | Queue | Villager (Male) |
| 4:32 | Queue | Villager (Male) |
| 5:17 | Queue | Villager (Male) |
| 5:17 | Queue | Villager (Male) |
| 5:17 | Queue | Villager (Male) |
| 5:19 | Build | House |
| 5:40 | Build | Mill |
| 6:24 | Research | Loom |
| 6:40 | Queue | Villager (Male) |
| 6:41 | Queue | Villager (Male) |
| 7:33 | Queue | Villager (Male) |
| 8:08 | Build | Town Center |
Match timeline
| 4:21 | unfold · first_building Dock |
| 8:25 | unfold · resign |
[ AI ANALYSIS · 1 CREDIT ]
What really happened in this match?
Wolo.gg analyzes every decision: build order, eco, micro, common mistakes by bracket. Personalized analysis on WhatsApp or Discord in 30 seconds.
Civ guide
Huns
Perfil
Jugador #20944940